 Dungeon Crawl Stone Soup version 0.19-a0-585-ge40200b (webtiles) character file.

86 magipi the Charlatan (level 4, -4/37 HPs)
             Began as a Minotaur Artificer on June 9, 2016.
             Slain by Gruesome's ghost (5 damage)
             ... on level 3 of the Dungeon.
             The game lasted 00:10:08 (1496 turns).

magipi the Charlatan (Minotaur Artificer)           Turns: 1496, Time: 00:10:09

Health: -4/37      AC:  7    Str: 17    XL:     4   Next: 27%
Magic:  6/6        EV: 11    Int:  8    God:
Gold:   54         SH:  0    Dex: 11    Spells: 0 memorised, 3 levels left

rFire  . . .     SeeInvis .     a - +0 short sword
rCold  . . .     Gourm    .     m - +0 ring mail
rNeg   + . .     Faith    .     (no shield)
rPois  .         Spirit   .     (helmet restricted)
rElec  .         Dismiss  .     (no cloak)
rCorr  .         Reflect  .     k - +1 pair of gloves
SustAt .         Harm     .     (no boots)
MR     .....                    (no amulet)
Stlth  +.........               (no ring)
                                n - ring of positive energy

@: not resistant to hostile enchantments, very unstealthy
A: retaliatory headbutt, horns 2
a: no special abilities


You were on level 3 of the Dungeon.
You were hungry.

You visited 1 branch of the dungeon, and saw 3 of its levels.

You collected 54 gold pieces.

Notes
Turn   | Place    | Note
--------------------------------------------------------------
     0 | D:1      | magipi the Minotaur Artificer began the quest for the Orb.
     0 | D:1      | Reached XP level 1. HP: 16/16 MP: 1/1
   174 | D:1      | Reached skill level 3 in Evocations
   225 | D:1      | Reached XP level 2. HP: 24/24 MP: 3/3
   791 | D:2      | Reached XP level 3. HP: 29/29 MP: 4/4
   865 | D:2      | Found a shimmering altar of Xom.
   882 | D:2      | Noticed Terence
   908 | D:2      | Noticed Sigmund
  1461 | D:3      | Noticed Natasha
  1472 | D:3      | Killed Natasha
  1472 | D:3      | Reached skill level 4 in Evocations
  1472 | D:3      | Reached XP level 4. HP: 6/37 MP: 4/6
  1473 | D:3      | Noticed Gruesome's ghost (amateur OpMo)
  1494 | D:3      | HP: 1/37 [Gruesome's ghost (8)]
  1496 | D:3      | Slain by Gruesome's ghost

Inventory:

Hand Weapons
 a - a +0 short sword (weapon)
Missiles
 b - 5 javelins (quivered)
 l - 8 needles of paralysis
Armour
 k - a +1 pair of gloves (worn)
 m - a +0 ring mail (worn)
Jewellery
 i - a cursed -3 ring of evasion {unknown}
 n - a ring of positive energy (left hand)
Wands
 c - a wand of flame (15/48)
 d - a wand of enslavement (15/24)
 e - a wand of random effects (12/48)
Scrolls
 j - a scroll of enchant weapon {unknown}
 p - a scroll of fog {unknown}
 r - 2 scrolls of teleportation {unknown}
 s - a scroll of enchant armour
Potions
 g - a potion of brilliance
 h - a potion of curing
 o - a potion of ambrosia
 q - a potion of invisibility {unknown}
 u - a potion of agility {unknown}
Comestibles
 f - 3 bread rations


   Skills:
 + Level 2.9 Fighting
 - Level 1.1 Short Blades
 - Level 2.1 Dodging
 - Level 0.7 Stealth
 + Level 4.1 Evocations


You had 3 spell levels left.
You didn't know any spells.

Dungeon Overview and Level Annotations

Branches:
Dungeon (3/15)

Altars:
Xom

Annotations:
D:2 Sigmund; Terence
D:3 Gruesome's ghost, amateur OpMo


Innate Abilities, Weirdness & Mutations

You reflexively headbutt those who attack you in melee.
You have a pair of horns on your head.

Vault maps used:
D:1:      dpeg_arrival_rooms_c, serial_bayou_lagoon_a, minmay_surrounded
D:2:      lemuel_doored_altar, minmay_tree_intersection, uniq_sigmund,
          uniq_terence
D:3:      lemuel_round_altar, uniq_natasha


Message History

You kill the dart slug!
The hobgoblin barely misses you.
The hobgoblin hits you but does no damage.
You closely miss the hobgoblin. You headbutt the hobgoblin.
You kill the hobgoblin!
You see here a hobgoblin corpse.
A rat comes into view.
You hit the rat.
You kill the rat!
A hobgoblin comes into view.
You hit the hobgoblin.
The hobgoblin is almost dead.
You hit the hobgoblin.
You kill the hobgoblin!
You see here a hobgoblin corpse.
A bat and an adder come into view.
Unknown command.
The bat misses you. The bat closely misses you.
The bat hits you but does no damage. The bat barely misses you.
The bat closely misses you. The bat closely misses you.
Found 15 gold pieces.
Found a stone staircase leading down.
You barely miss the bat. Your headbutt misses the bat.
The bat closely misses you.
You barely miss the bat. The bat barely misses you.
The bat hits you but does no damage.
You miss the bat. The bat hits you but does no damage.
You miss the bat. The bat hits you but does no damage. x2
You hit the bat. Your headbutt misses the bat.
The bat is severely wounded.
The bat hits you but does no damage. The bat closely misses you.
You hit the bat but do no damage. Your headbutt misses the bat.
The bat is severely wounded.
The bat hits you but does no damage. x2
You closely miss the bat.
The bat is severely wounded.
The bat barely misses you. The bat hits you.
You miss the bat.
The bat is severely wounded.
The bat hits you but does no damage. The bat closely misses you.
You puncture the bat!
You kill the bat!
You closely miss the adder. Your headbutt misses the adder.
The adder bites you. The adder barely misses you. You furiously retaliate!
You headbutt the adder!
You kill the adder!
Unknown command.
Found an escape hatch in the ceiling.
You enter a teleport trap!
The teleport trap disappears.
Your surroundings suddenly seem different.
Unknown command.
There is an escape hatch in the floor here.
HP restored.
r - 2 scrolls labeled EKLYOSITWILLO (gained 1) Natasha, Servant of Life and Death comes into view.
Natasha hisses angrily.
Natasha claws you!
Your ring mail prevents you from hitting Natasha.
Your headbutt misses Natasha. Natasha closely misses you.
You barely miss Natasha. Your headbutt misses Natasha. Natasha claws you.
You hit Natasha but do no damage.
Natasha mumbles some strange words.
You closely miss Natasha. Your headbutt misses Natasha.
Natasha stares at you and mumbles some strange words.
The magic dart hits you!
You hit Natasha.
Natasha is lightly wounded.
Natasha casts a spell at you. The magic dart hits you!
* * * LOW HITPOINT WARNING * * *
Evoke which item? (* to show all) (? for menu, Esc to quit)
Zapping:
e - a wand of random effects (13/48)
Press: ? - help, Shift-Dir - straight line, f - Natasha
Aim: Natasha (lightly wounded)
The bolt of negative energy hits Natasha.
Natasha is drained!
You kill Natasha!
Natasha screams in pain as she dies!
Your Evocations skill increases to level 4!
You have reached level 4!
You feel stronger.
This wand has 12 charges left.
The white imp disappears in a puff of smoke!
Gruesome's ghost (amateur Octopode Monk) comes into view.
Gruesome's ghost turns its malevolent gaze towards you.
You are feeling hungry.
There is a stone staircase leading up here.
Magic restored.
You climb upwards.
Level annotation: Sigmund, Terence
There is a stone staircase leading down here.
You climb downwards.
Level annotation: Gruesome's ghost, amateur OpMo Gruesome's ghost hits you!
* * * LOW HITPOINT WARNING * * *
There is a stone staircase leading up, spattered with blood here.
Gruesome's ghost hits you.
You die...

#.. ######.# #.# #.#
#.## #......###.# #.#
%..### #(#####....#
#.# ..... #.#
#.######### #.# ...#
#.# #.#####...# #.#
#.# #.# #.[><...#.#
#.# #.# #.#
##<.####...# #.# #.##
### #.# #.W...###.##
#.# ...#
##.###.####@....# .#
#.#
#..###...............#
.# #†#
#...............>....#
.# #.#
#.#####.##.#####.....#
.# #.# #.#
#.##.......#####
#.####.### #.#
#.########.#
#........# #W# #.# #.#
######.... ... ..# #.#
###.. #.# ### #.# #..


You could see Gruesome's ghost.

Vanquished Creatures
  Natasha (D:3)
  An adder (D:3)
  2 worms
  2 dart slugs
  3 giant cockroaches
  4 goblins (D:1)
  4 hobgoblins
  9 bats
  A giant newt (D:1)
  7 kobolds
  10 rats
44 creatures vanquished.

Action                   |  1- 3 |  4- 6 || total
-------------------------+-------+-------++-------
Melee: Short sword       |   131 |       ||   131
       Headbutt          |    15 |       ||    15
Evoke: Wand              |     2 |     1 ||     3
  Use: Scroll            |     7 |       ||     7
  Eat: Beef jerky        |     1 |       ||     1
Armor: Leather armour    |    24 |       ||    24
       Ring mail         |    26 |       ||    26
Dodge: Dodged            |    77 |       ||    77

Action                   |  1- 3 |  4- 6 || total
-------------------------+-------+-------++-------
Melee: Short sword       |   131 |       ||   131
       Headbutt          |    15 |       ||    15
Evoke: Wand              |     2 |     1 ||     3
  Use: Scroll            |     7 |       ||     7
  Eat: Beef jerky        |     1 |       ||     1
Armor: Leather armour    |    24 |       ||    24
       Ring mail         |    26 |       ||    26
Dodge: Dodged            |    77 |       ||    77
